 Dungeon Crawl Stone Soup version 0.25-a0-258-g6d7e32a812 (webtiles) character file.

Game seed: 5358069620102555683, levelgen mode: deterministic

71 Essalna the Skirmisher (level 4, -1/37 HPs)
             Began as a Demonspawn Berserker on Dec 6, 2019.
             Was a Believer of Trog.
             Slain by a kobold (2 damage)
             ... on level 2 of the Dungeon.
             The game lasted 00:03:30 (1649 turns).

Essalna the Skirmisher (Demonspawn Berserker)       Turns: 1649, Time: 00:03:31

Health: -1/37      AC:  3    Str: 19    XL:     4   Next: 5%
Magic:  4/4        EV: 12    Int:  8    God:    Trog [**....]
Gold:   89         SH:  0    Dex: 12    Spells: 3/3 levels left

rFire    . . .     SeeInvis .   a - +0 falchion
rCold    . . .     Gourm    .   (no shield)
rNeg     . . .     Faith    .   b - +0 animal skin
rPois    .         Spirit   .   (helmet restricted)
rElec    .         Reflect  .   (no cloak)
rCorr    .         Harm     .   i - +0 pair of gloves
MR       .....                  (no boots)
Stlth    +.........             (no amulet)
HPRegen  0.12/turn              (no ring)
MPRegen  0.09/turn              (no ring)

@: no status effects
A: antennae 1, powered by pain 1
a: Berserk, Trog's Hand, Renounce Religion


You were on level 2 of the Dungeon.
You worshipped Trog.
Trog was pleased with you.
You were not hungry.

You visited 1 branch of the dungeon, and saw 2 of its levels.

You collected 89 gold pieces.

Inventory:

Hand Weapons
 a - a +0 falchion (weapon)
Armour
 b - a +0 animal skin (worn)
 i - a +0 pair of gloves (worn)
Scrolls
 d - a scroll of fear {unknown}
 f - a scroll of remove curse {unknown}
 g - a scroll of noise {unknown}
 k - a scroll of enchant armour {unknown}
Potions
 h - a potion of brilliance {unknown}
 j - 2 potions of lignification {unknown}
 m - a potion of mutation {unknown}
Comestibles
 c - 6 rations


   Skills:
 + Level 3.7 Fighting
 + Level 3.4 Long Blades
 + Level 2.6 Armour
 - Level 1.7 Dodging


You had 3 spell levels left.
You didn't know any spells.
Your spell library was empty.

Dungeon Overview and Level Annotations

Branches:
Dungeon (2/15)

Altars:


Innate Abilities, Weirdness & Mutations

You have a pair of small antennae on your head.
You sometimes gain a little power by taking damage.


Message History

The rat misses you.
You riposte.
You hit the rat.
You kill the rat!
Trog accepts your kill. The quokka bites you.
* * * LOW HITPOINT WARNING * * *
The quokka closely misses you. The quokka closely misses you.
The quokka bites you.
* * * LOW HITPOINT WARNING * * *
The quokka barely misses you. The quokka completely misses you.
The kobold barely misses you. The quokka closely misses you.
The kobold closely misses you. The quokka closely misses you.
The kobold hits you.
* * * LOW HITPOINT WARNING * * *
The quokka barely misses you. The kobold closely misses you.
The quokka barely misses you.
You riposte.
You hit the quokka.
You kill the quokka!
Trog accepts your kill.
You can now call upon Trog for regeneration and magic resistance.
The kobold hits you.
You die...

##### #####.#..###.
....... ...##..##.##
.....####.#..##...#
#.....##...##..(..
#######..##.##.#..##...#
......#........##..##.##
.........##.####.#..###.
.........#....###.#..#..
<.....K@......##.#.#...#
######†#################
... ..... #.#### # #.#
#.# ############# #.#
#...........# #.#


You could see a kobold.

Vanquished Creatures
  Jessica (D:2)
  An adder (D:2)
  2 worms (D:2)
  A dart slug (D:2)
  4 goblins
  4 hobgoblins
  2 quokkas (D:2)
  6 bats
  2 frilled lizards
  2 kobolds (D:1)
  6 rats
31 creatures vanquished.

Notes
Turn   | Place    | Note
-------+----------+-------------------------------------------
     0 | D:1      | Essalna the Demonspawn Berserker began the quest for the
                  | Orb.
     0 | D:1      | Reached XP level 1. HP: 18/18 MP: 1/1
   234 | D:1      | You fall into a shaft and drop 1 floor!
   499 | D:1      | Gained mutation: You sometimes gain a little power by
                  | taking damage. [demonic ancestry]
   499 | D:1      | Reached XP level 2. HP: 20/24 MP: 2/2
  1297 | D:2      | Noticed Jessica
  1303 | D:2      | Killed Jessica
  1303 | D:2      | Reached XP level 3. HP: 26/29 MP: 3/3
  1550 | D:2      | Gained mutation: You have a pair of small antennae on your
                  | head. [demonic ancestry]
  1550 | D:2      | Reached XP level 4. HP: 28/37 MP: 4/4
  1647 | D:2      | HP: 1/37 [kobold (3)]
  1648 | D:2      | Reached ** piety under Trog
  1649 | D:2      | Slain by a kobold

Levels and vault maps discovered:
D:1:      wheals_arrival_linesprint, layout_loops_ring, minmay_misc_feat_x,
          kennysheep_pointless_box
D:2:      minmay_diamond_boxcup, layout_basic, uniq_jessica

Skill      XL: |  1  2 |
---------------+-------+-----
Armour         | 2 |  2.6
Long Blades    | 3 |  3.4
Fighting       | |  3.7
Dodging        | |  1.7

Action                   |  1- 3 |  4- 6 || total
-------------------------+-------+-------++-------
Melee: Falchion          |    83 |       ||    83
  Use: Potion            |     1 |       ||     1
  Eat: Chunk             |     2 |       ||     2
Armor: Animal skin       |    28 |     9 ||    37
Dodge: Dodged            |    74 |    30 ||   104
       Rpst.: Falchion   |    21 |     7 ||    28

Table legend:
 A = Non-vault XP
 B = Vault XP
 C = Vault XP percentage of total XP
 D = Non-vault monster count
 E = Vault monster count
 F = Vault count percentage of total count
                 A         B        C        D         E       F
            +---------+---------+-------+---------+---------+-------
      Total |      38 |      64 |  62.7 |      22 |       9 |  29.0
            +---------+---------+-------+---------+---------+-------
        D:1 |      20 |       0 |   0.0 |      14 |       0 |   0.0
        D:2 |      18 |      64 |  78.0 |       8 |       9 |  52.9
            +---------+---------+-------+---------+---------+-------
